 Seeded DCSS version 0.30-a0-170-g85af917532 (webtiles) character file.

Game seed: 10253004028457244877 (custom seed)

11 Iusername the Trooper (level 2, 27/27 HPs)
             Began as a Minotaur Fighter on Sept 30, 2022.
             Quit the game on level 1 of the Dungeon.
             The game lasted 00:00:11 (147 turns).

Iusername the Trooper (Minotaur Fighter)             Turns: 147, Time: 00:00:12

Health: 27/27      AC:  7    Str: 20    XL:     2   Next: 13%
Magic:  1/1        EV:  9    Int:  5    God:
Gold:   0          SH:  4    Dex:  9    Spells: 1/1 levels left

rFire   . . .      SeeInvis .    a - +0 long sword
rCold   . . .      Faith    .    c - +0 buckler
rNeg    . . .      Spirit   .    b - +0 scale mail
rPois   .          Reflect  .    (helmet restricted)
rElec   .          Harm     .    (no cloak)
rCorr   .          Rampage  .    (no gloves)
Will    .....                    (no boots)
Stlth   ..........               (no amulet)
HPRegen 0.09/turn                (no ring)
MPRegen 0.07/turn                (no ring)

@: no status effects
A: horns 2, retaliatory headbutt
a: no special abilities


You were on level 1 of the Dungeon.
You visited 1 branch of the dungeon, and saw 1 of its levels.

Inventory:

Hand Weapons
 a - a +0 long sword (weapon)
Armour
 b - a +0 scale mail (worn)
 c - a +0 buckler (worn)
Scrolls
 e - a scroll of fear {unknown}
 f - a scroll of noise {unknown}
Potions
 d - a potion of might


   Skills:
 + Level 3.9 Fighting
 + Level 2.6 Long Blades
 + Level 3.8 Armour
 + Level 3.8 Shields


You had one spell level left.
You didn't know any spells.
Your spell library was empty.

Dungeon Overview and Level Annotations

Branches:
Dungeon (1/15)

Altars:


Innate Abilities, Weirdness & Mutations

You have a pair of horns on your head.
You reflexively headbutt those who attack you in melee.


Message History

The gnoll hits you but does no damage.
A gnoll is nearby!
A gnoll is nearby!
You barely miss the gnoll. The gnoll barely misses you.
You hit the gnoll.
The gnoll is moderately wounded.
The gnoll barely misses you.
A gnoll is nearby!
You hit the gnoll.
The gnoll is severely wounded.
The gnoll barely misses you.
A gnoll is nearby!
You barely miss the gnoll.
The gnoll is severely wounded.
The gnoll hits you with a +0 whip. The gnoll closely misses you.
You hit the gnoll.
You kill the gnoll!
You have reached level 2!
No target in view!
Key pressed, stopping explore.
No target in view!
Unknown command.
No target in view!
Unknown command.
HP restored.
f - a scroll labelled QUOBLA URUNO Unknown command.
No target in view!
A quokka comes into view.
A goblin comes into view. It is wielding a +0 club.
The goblin shouts!
Unknown command.
There are monsters nearby!
You hit the quokka.
You kill the quokka!
A bat comes into view.
The bat moves out of view.
Unknown command.
A goblin is nearby!
Are you sure you want to abandon this character and quit the game? (Confirm with "yes".)

.. #.... .. ###... ..
+....# .# #....# g# .
#....# .# ...
#....###.#.....
##......@.......
#+###.......#.#.....
#....#....#.#.# ...
#.........#.#.# .
+#+#+#.......#.#.###.
...............#.#...
.........#.#####+#.#
...................#
.........#.........#


You could see a goblin.

Vanquished Creatures
  A gnoll (D:1)
  A quokka (D:1)
2 creatures vanquished.

Notes
Turn   | Place    | Note
-------+----------+-------------------------------------------
     0 | D:1      | Iusername the Minotaur Fighter began the quest for the Orb.
     0 | D:1      | Reached XP level 1. HP: 19/19 MP: 0/0
    69 | D:1      | Reached XP level 2. HP: 21/27 MP: 1/1
   147 | D:1      | Quit the game

Illustrated notes

Levels and vault maps discovered:
D:1:      ncdulo_smallfort, layout_basic, minmay_misc_feat_room,
          kennysheep_another_room, minivault_26

Action                   || total
-------------------------++-------
Melee: Long sword        ||     6
Armor: Scale mail        ||     1
Dodge: Dodged            ||     4

Table legend: (Time is in decaauts)
 A = Elapsed time spent in this place.
 B = Non-inter-level travel time spent in this place.
 C = Inter-level travel time spent in this place.
 D = Time resting spent in this place.
 E = Time spent auto-exploring this place.
 F = Levels seen in this place.
 G = Mean time per level.
                   A        B        C        D        E       F      G
               +--------+--------+--------+--------+--------+-----+--------+
         Total |    148 |    148 |      0 |      0 |    132 |   1 |  148.0 |
       Dungeon |    148 |    148 |      0 |      0 |    132 |   1 |  148.0 |
               +--------+--------+--------+--------+--------+-----+--------+

Top non-repeatable levels by time:
     D:1: 148 daAuts
